 Dungeon Sprint DCSS version 0.23-a0-677-g07611c5 (webtiles) character file.

44 Lanoc the Cudgeler (level 3, -2/58 HPs)
             Began as a Troll Berserker on Jan 9, 2019.
             Was a Believer of Trog.
             Slain by a worker ant (7 damage)
             ... in the Dungeon (Sprint IX: "|||||||||||||||||||||||||||||").
             The game lasted 00:00:35 (45 turns).

Lanoc the Cudgeler (Troll Berserker)                  Turns: 45, Time: 00:00:36

Health: -2/58      AC:  5    Str: 31    XL:     3   Next: 41%
Magic:  2/2        EV: 11    Int:  3    God:    Trog [**....]
Gold:   0          SH:  0    Dex:  9    Spells: 2/2 levels left

rFire    . . .     SeeInvis .   a - +0 mace
rCold    . . .     Gourm    +   (no shield)
rNeg     . . .     Faith    .   b - +0 animal skin
rPois    .         Spirit   .   (helmet restricted)
rElec    .         Reflect  .   (no cloak)
rCorr    .         Harm     .   (gloves unavailable)
MR       ++...     NoTele   +   (boots unavailable)
Stlth    ..........             (no amulet)
HPRegen  1.59/turn              (no ring)
MPRegen  0.08/turn              (no ring)

@: berserking, regenerating, very quick
A: large, unfitting armour, claws 3, fast metabolism 3, gourmand, regeneration
1, shaggy fur 1, tough skin 2
a: Berserk, Trog's Hand, Renounce Religion


You were in the Dungeon.
You worshipped Trog.
Trog was pleased with you.
You were not hungry.

You visited 1 branch

Inventory:

Hand Weapons
 a - a +0 mace (weapon)
Armour
 b - a +0 animal skin (worn)
Scrolls
 i - a scroll of blinking
Potions
 d - a potion of curing
 e - a potion of heal wounds
 f - a potion of haste
 g - 2 potions of magic
 h - a potion of berserk rage
Comestibles
 c - 2 rations
 j - 6 chunks of flesh


   Skills:
 + Level 3.7 Fighting
 * Level 5.1 Maces & Flails
 + Level 3.7 Dodging


You had 2 spell levels left.
You didn't know any spells.
Your spell library was empty.

Dungeon Overview and Level Annotations

Branches:
Dungeon (1/1)

Altars:


Innate Abilities, Weirdness & Mutations

You are too large for most types of armour.
You have claws for hands.
Your metabolism is lightning-fast.
You like to eat raw meat.
Your natural rate of healing is unusually fast.
You are covered in fur. (AC +1)
You have very tough skin. (AC +2)


Message History

You sock the worker ant!
The worker ant is heavily wounded.
The worker ant barely misses you. The worker ant bites you.
You hit the worker ant.
The worker ant is almost dead.
You feel the effects of Trog's Hand fading.
The worker ant bites you.
* * * LOW HITPOINT WARNING * * *
The crimson imp blinks!
You hit the worker ant.
The worker ant is almost dead.
The worker ant misses you.
The orc priest mumbles some strange prayers to Beogh against you.
Beogh smites you!
* * * LOW HITPOINT WARNING * * *
A red film seems to cover your vision as you go berserk!
You feel yourself moving faster!
You feel mighty!
You feel quite a bit more hungry. The worker ant closely misses you.
The worker ant bites you!
You die...

▓.▓
▓.▓
▓.▓
▓)▓
▓)▓
▓.▓
▓.▓
▓.▓
▓@▓
▓a▓
▓o▓
▓o▓
▓5▓
▓.▓
▓.▓
▓+▓


You could see a worker ant, an orc priest, a crimson imp and an orc.

Vanquished Creatures
  A howler monkey (D)
  A goblin (D)
  3 hobgoblins (D)
  A rat (D)
6 creatures vanquished.

Notes
Turn   | Place    | Note
-------+----------+-------------------------------------------
     0 | D        | Lanoc the Troll Berserker began the quest for the Orb.
     0 | D        | Reached XP level 1. HP: 22/22 MP: 0/0
     4 | D        | Reached skill level 3 in Maces & Flails
    14 | D        | Reached ** piety under Trog
    31 | D        | Noticed a howler monkey
    31 | D        | Noticed a crimson imp
    31 | D        | Noticed a worker ant
    31 | D        | Noticed an orc priest
    36 | D        | Killed a howler monkey
    36 | D        | Reached skill level 5 in Maces & Flails
    36 | D        | Reached XP level 2. HP: 19/32 MP: 1/1
    36 | D        | Reached XP level 3. HP: 24/39 MP: 2/2
    45 | D        | Slain by a worker ant

Vault maps used:
D:        linesprint

Skill      XL: |  1 |
---------------+----+-----
Maces & Flails | 5 |  5.1
Fighting       | 3 |  3.7
Dodging        | 3 |  3.7

Action                   || total
-------------------------++-------
Melee: Mace              ||    25
Invok: Berserk           ||     1
       Trog's Hand       ||     1
Armor: Animal skin       ||     5
Dodge: Dodged            ||     8

Table legend:
 A = Non-vault XP
 B = Vault XP
 C = Vault XP percentage of total XP
 D = Non-vault monster count
 E = Vault monster count
 F = Vault count percentage of total count
                 A         B        C        D         E       F
            +---------+---------+-------+---------+---------+-------
      Total |       0 |      64 | 100.0 |       0 |       6 | 100.0
            +---------+---------+-------+---------+---------+-------
          D |       0 |      64 | 100.0 |       0 |       6 | 100.0
            +---------+---------+-------+---------+---------+-------
